ESL (28 & UNDER)
BUFFALO LIGHTSABRES @ PENQUANNOCK OVERRATED JETER
07/10/2027
 
TOP OF THE 1ST
Buffalo LightSabres batting - Pitching for Penquannock Overrated Jeter : RHP Richard Edwards
Pitching: RHP Richard Edwards
Batting: RHB Alfredo Villegas 0-0: SINGLE (Flyball, 8LS)
Batting: RHB Armando Gusmán 0-0: Foul Ball, location: 2F
0-1: Ball
1-1: Foul Ball, location: 2F
1-2: Fly out, F4 (Popup, 4)
Batting: SHB Javier Jiménez 0-0: Ball
Pickoff Throw to First - Out!
1-0: Called Strike
1-1: Ball
2-1: Foul Ball, location: 2F
2-2: Strikes out swinging
Top of the 1st over - 0 run(s), 1 hit(s), 0 error(s), 0 left on base; Buffalo 0 - Penquannock 0
BOTTOM OF THE 1ST
Penquannock Overrated Jeter batting - Pitching for Buffalo LightSabres : RHP Howard Jewel
Pitching: RHP Howard Jewel
Batting: RHB Aaron Holt 0-0: Foul Ball, location: 2F
0-1: Ground out 4-3 (Groundball, 4)
Batting: RHB António Rodríguez 0-0: Called Strike
0-1: Foul Ball, location: 2F
0-2: Ball
1-2: SINGLE (Line Drive, 3)
Batting: RHB Doug Brown 0-0: Ball
1-0: Ball
2-0: Called Strike
2-1: Ball
3-1: SINGLE (Line Drive, 7S)
António Rodríguez to second
Batting: RHB Armando Pagán 0-0: Swinging Strike
0-1: 3-RUN HOME RUN (Flyball, 8LXD), Distance : 436 ft
Batting: LHB Pete Weber 0-0: Ball
1-0: Foul Ball, location: 2F
1-1: Ground out U3 (Groundball, 3L)
Batting: RHB Alfonso Hernández 0-0: Called Strike
0-1: Ball
1-1: Fly out, F8 (Flyball, 8RS)
Bottom of the 1st over - 3 run(s), 3 hit(s), 0 error(s), 0 left on base; Buffalo 0 - Penquannock 3
TOP OF THE 2ND
Buffalo LightSabres batting - Pitching for Penquannock Overrated Jeter : RHP Richard Edwards
Batting: LHB Craig Kenney 0-0: Foul Ball, location: 2F
0-1: Ball
1-1: Foul Ball, location: 2F
1-2: SINGLE (Groundball, 4S) (infield hit)
Batting: RHB Tex Badger Pickoff Throw to First - Error! E1
Craig Kenney to second
0-0: Called Strike
0-1: Ball
1-1: Swinging Strike
1-2: Strikes out swinging
Batting: LHB Rob Davidson 0-0: Swinging Strike
0-1: Ball
1-1: Called Strike
1-2: Foul Ball, location: 2F
1-2: Strikes out looking
Batting: RHB Tony Estrada 0-0: Swinging Strike
0-1: Ground out 6-3 (Groundball, 56)
Top of the 2nd over - 0 run(s), 1 hit(s), 1 error(s), 1 left on base; Buffalo 0 - Penquannock 3
BOTTOM OF THE 2ND
Penquannock Overrated Jeter batting - Pitching for Buffalo LightSabres : RHP Howard Jewel
Batting: RHB José Velásquez 0-0: Called Strike
0-1: Ball
1-1: Ball
2-1: Fly out, F5 (Line Drive, 5)
Batting: RHB Barton Frazier 0-0: Called Strike
0-1: Reached on error, E5 (Groundball, 56S)
Batting: LHB Matt Reese 0-0: Foul Ball, location: 2F
0-1: Ball
1-1: Ball
2-1: Ball
3-1: Base on Balls
Batting: RHB Aaron Holt 0-0: Ball
1-0: SINGLE (Line Drive, 56)
Barton Frazier to third
Matt Reese to second
Batting: RHB António Rodríguez 0-0: Called Strike
0-1: Foul Ball, location: 2F
0-2: Foul Ball, location: 2F
0-2: Fly out, F8 (Flyball, 89M)
Batting: RHB Doug Brown 0-0: Called Strike
0-1: Ball
1-1: Ball
2-1: Foul Ball, location: 2F
2-2: SINGLE (Flyball, 8LS)
Barton Frazier scores
Matt Reese to third
Aaron Holt to second
Runner from 3rd tries for Home, SAFE, no throw
Batting: RHB Armando Pagán 0-0: SINGLE (Line Drive, 8RS)
Aaron Holt to third
Doug Brown to second
Runner from 3rd tries for Home, SAFE, no throw
Batting: LHB Pete Weber 0-0: Called Strike
0-1: Foul Ball, location: 2F
0-2: Foul Ball, location: 2F
0-2: Strikes out swinging
Bottom of the 2nd over - 3 run(s), 3 hit(s), 1 error(s), 2 left on base; Buffalo 0 - Penquannock 6
TOP OF THE 3RD
Buffalo LightSabres batting - Pitching for Penquannock Overrated Jeter : RHP Richard Edwards
Batting: SHB Jason Mason 0-0: Foul Ball, location: 2F
0-1: Ball
1-1: Ball
2-1: Foul Ball, location: 2F
2-2: Fly out, F3 (Line Drive, 34)
Batting: SHB Manuel Jiménez 0-0: Ball
1-0: Ground out 6-3 (Groundball, 6)
Batting: RHB Alfredo Villegas 0-0: Called Strike
0-1: Ball
1-1: Ball
2-1: Ball
3-1: Fly out, F8 (Flyball, 8LM)
Top of the 3rd over - 0 run(s), 0 hit(s), 0 error(s), 0 left on base; Buffalo 0 - Penquannock 6
BOTTOM OF THE 3RD
Penquannock Overrated Jeter batting - Pitching for Buffalo LightSabres : RHP Howard Jewel
Batting: RHB Alfonso Hernández 0-0: SINGLE (Groundball, 4MD)
Batting: RHB José Velásquez 0-0: Called Strike
0-1: Foul Ball, location: 2F
0-2: Strikes out swinging
Batting: RHB Barton Frazier 0-0: Called Strike
0-1: Fly out, F7 (Flyball, 7LS)
Batting: LHB Matt Reese 0-0: Ball
1-0: Ball
2-0: Ball
3-0: Base on Balls
Alfonso Hernández to second
Batting: RHB Aaron Holt 0-0: Foul Ball, location: 2F
0-1: 3-RUN HOME RUN (Flyball, 78XD), Distance : 418 ft
Batting: RHB António Rodríguez 0-0: Ball
1-0: Ball
2-0: Ball
3-0: Called Strike
3-1: Base on Balls
Pitching: RHP Ángel Uribe
Batting: RHB Doug Brown 0-0: Ball
1-0: Fly out, F8 (Flyball, 78M)
Bottom of the 3rd over - 3 run(s), 2 hit(s), 0 error(s), 1 left on base; Buffalo 0 - Penquannock 9
TOP OF THE 4TH
Buffalo LightSabres batting - Pitching for Penquannock Overrated Jeter : RHP Richard Edwards
Batting: RHB Armando Gusmán 0-0: Hit by Pitch
Pitching: LHP Héctor Díaz
Batting: SHB Javier Jiménez 0-0: Ball
1-0: Called Strike
1-1: Ball
2-1: Ball
3-1: Base on Balls
Armando Gusmán to second
Batting: LHB Craig Kenney 0-0: Fielders Choice at 2nd, 6-4 (Groundball, 6)
Armando Gusmán to third
Batting: RHB Tex Badger 0-0: Called Strike
0-1: Swinging Strike
0-2: Ball
1-2: Ball
2-2: Foul Ball, location: 2F
2-2: Foul Ball, location: 2F
2-2: Ball
3-2: Strikes out swinging
Batting: LHB Rob Davidson 0-0: Ball
1-0: Ball
2-0: Called Strike
2-1: Swinging Strike
2-2: Foul Ball, location: 2F
2-2: Ball
3-2: Fly out, F7 (Flyball, 78M)
Top of the 4th over - 0 run(s), 0 hit(s), 0 error(s), 2 left on base; Buffalo 0 - Penquannock 9
BOTTOM OF THE 4TH
Penquannock Overrated Jeter batting - Pitching for Buffalo LightSabres : RHP Ángel Uribe
Batting: RHB Armando Pagán 0-0: Foul Ball, location: 2F
0-1: Ball
1-1: Ball
2-1: Ball
3-1: Foul Ball, location: 2F
3-2: Base on Balls
Batting: LHB Pete Weber 0-0: Called Strike
0-1: Ball
1-1: Swinging Strike
1-2: Ball
2-2: Ball
3-2: Foul Ball, location: 2F
3-2: Base on Balls
Armando Pagán to second
Batting: RHB Alfonso Hernández 0-0: Ball
1-0: Ball
2-0: Ball
3-0: Base on Balls
Armando Pagán to third
Pete Weber to second
Batting: RHB José Velásquez 0-0: GRAND SLAM HOME RUN (Flyball, 78XD), Distance : 397 ft
Pitching: RHP Manny Clemente
Batting: RHB Barton Frazier 0-0: Ball
1-0: Ball
2-0: Ball
3-0: Called Strike
3-1: Base on Balls
Batting: LHB Matt Reese 0-0: Ball
1-0: Called Strike
1-1: Swinging Strike
1-2: Ball
2-2: Ball
3-2: Base on Balls
Barton Frazier to second
Batting: RHB Aaron Holt 0-0: Ball
1-0: Ball
2-0: Called Strike
2-1: Swinging Strike
2-2: Strikes out swinging
Batting: RHB António Rodríguez 0-0: Swinging Strike
0-1: Ball
1-1: Swinging Strike
1-2: Ball
2-2: Foul Ball, location: 2F
2-2: Ball
3-2: Fly out, F2 (Popup, 3S)
Batting: RHB Doug Brown 0-0: Swinging Strike
0-1: Ball
1-1: Ball
2-1: Ball
3-1: Base on Balls
Barton Frazier to third
Matt Reese to second
Batting: RHB Armando Pagán 0-0: Ball
1-0: Ball
2-0: Called Strike
2-1: Ball
3-1: Base on Balls
Barton Frazier scores
Matt Reese to third
Doug Brown to second
Batting: LHB Pete Weber 0-0: Ball
1-0: Foul Ball, location: 2F
1-1: Foul Ball, location: 2F
1-2: Foul Ball, location: 2F
1-2: GRAND SLAM HOME RUN (Flyball, 8RXD), Distance : 437 ft
Pitching: LHP Pedro Carranza
Batting: RHB Alfonso Hernández 0-0: SINGLE (Groundball, 4MD)
Batting: RHB José Velásquez 0-0: Called Strike
0-1: Ball
1-1: Called Strike
1-2: Strikes out swinging
Bottom of the 4th over - 9 run(s), 3 hit(s), 0 error(s), 1 left on base; Buffalo 0 - Penquannock 18
TOP OF THE 5TH
Buffalo LightSabres batting - Pitching for Penquannock Overrated Jeter : LHP Héctor Díaz
Batting: RHB Tony Estrada 0-0: Called Strike
0-1: Foul Ball, location: 2F
0-2: Ball
1-2: Strikes out looking
Batting: SHB Jason Mason 0-0: Ball
1-0: Ground out 6-3 (Groundball, 6)
Batting: SHB Manuel Jiménez 0-0: Foul Ball, location: 2F
0-1: Called Strike
0-2: Ball
1-2: Strikes out swinging
Top of the 5th over - 0 run(s), 0 hit(s), 0 error(s), 0 left on base; Buffalo 0 - Penquannock 18
BOTTOM OF THE 5TH
Penquannock Overrated Jeter batting - Pitching for Buffalo LightSabres : LHP Pedro Carranza
Batting: RHB Barton Frazier 0-0: Fly out, F6 (Popup, 6D)
Batting: LHB Matt Reese 0-0: SOLO HOME RUN (Line Drive, 89XD), Distance : 408 ft
Batting: RHB Aaron Holt 0-0: Fly out, F9 (Flyball, 9LM)
Batting: RHB António Rodríguez 0-0: Ball
1-0: Ball
2-0: Called Strike
2-1: Foul Ball, location: 2F
2-2: Ground out 6-3 (Groundball, 6S)
Bottom of the 5th over - 1 run(s), 1 hit(s), 0 error(s), 0 left on base; Buffalo 0 - Penquannock 19
TOP OF THE 6TH
Buffalo LightSabres batting - Pitching for Penquannock Overrated Jeter : LHP Héctor Díaz
Batting: RHB Alfredo Villegas 0-0: Ground out 6-3 (Groundball, 6)
Batting: RHB Armando Gusmán 0-0: Ball
1-0: Ball
2-0: Ball
3-0: Called Strike
3-1: DOUBLE (Line Drive, 7LS)
Pitching: RHP Toshikuni Nishimura
Batting: SHB Javier Jiménez 0-0: 2-RUN HOME RUN (Flyball, 9LD), Distance : 340 ft
Pinch Hitting: RHB Mario Solís 0-0: Ball
1-0: Called Strike
1-1: Ground out 6-3 (Groundball, 6)
Batting: RHB Tex Badger 0-0: Foul Ball, location: 2F
0-1: Called Strike
0-2: Foul Ball, location: 2F
0-2: Foul Ball, location: 2F
0-2: Foul Ball, location: 2F
0-2: Strikes out swinging
Top of the 6th over - 2 run(s), 2 hit(s), 0 error(s), 0 left on base; Buffalo 2 - Penquannock 19
BOTTOM OF THE 6TH
Penquannock Overrated Jeter batting - Pitching for Buffalo LightSabres : LHP Pedro Carranza
Now in RF: Mario Solís
Batting: RHB Doug Brown 0-0: Ball
1-0: Hit by Pitch
Batting: RHB Armando Pagán 0-0: Fielders Choice at 2nd, 6-4 (Groundball, 6M)
Batting: LHB Pete Weber 0-0: Called Strike
0-1: Fly out, F7 (Line Drive, 7)
Batting: RHB Alfonso Hernández 0-0: Ball
1-0: Ball
2-0: Called Strike
2-1: Foul Ball, location: 2F
2-2: Foul Ball, location: 2F
2-2: Strikes out swinging
Bottom of the 6th over - 0 run(s), 0 hit(s), 0 error(s), 1 left on base; Buffalo 2 - Penquannock 19
TOP OF THE 7TH
Buffalo LightSabres batting - Pitching for Penquannock Overrated Jeter : RHP Toshikuni Nishimura
Batting: LHB Rob Davidson 0-0: Called Strike
0-1: Ball
1-1: Ball
2-1: Swinging Strike
2-2: Strikes out swinging
Batting: RHB Tony Estrada 0-0: Called Strike
0-1: Ball
1-1: Called Strike
1-2: Ball
2-2: Ball
3-2: Base on Balls
Batting: SHB Jason Mason 0-0: Called Strike
0-1: Foul Ball, location: 2F
0-2: Ball
1-2: Ball
2-2: Foul Ball, location: 2F
2-2: Strikes out swinging
Batting: SHB Manuel Jiménez 0-0: Called Strike
Tony Estrada is caught stealing 2nd base
Top of the 7th over - 0 run(s), 0 hit(s), 0 error(s), 0 left on base; Buffalo 2 - Penquannock 19
BOTTOM OF THE 7TH
Penquannock Overrated Jeter batting - Pitching for Buffalo LightSabres : LHP Pedro Carranza
Batting: RHB José Velásquez 0-0: Called Strike
0-1: SINGLE (Line Drive, 8LS)
Batting: RHB Barton Frazier 0-0: Ball
1-0: Foul Ball, location: 2F
1-1: Ball
2-1: Ball
3-1: Base on Balls
José Velásquez to second
Batting: LHB Matt Reese 0-0: Called Strike
0-1: Ball
1-1: Swinging Strike
1-2: Strikes out swinging
Batting: RHB Aaron Holt 0-0: Foul Ball, location: 2F
0-1: Swinging Strike
0-2: Fly out, F9 (Flyball, 9S)
Batting: RHB António Rodríguez 0-0: Foul Ball, location: 2F
0-1: Ball
1-1: Foul Ball, location: 2F
1-2: Fielders Choice at 2nd, 6-4 (Groundball, 56D)
Bottom of the 7th over - 0 run(s), 1 hit(s), 0 error(s), 1 left on base; Buffalo 2 - Penquannock 19
TOP OF THE 8TH
Buffalo LightSabres batting - Pitching for Penquannock Overrated Jeter : RHP Toshikuni Nishimura
Pitching: RHP Joaquín Rojas
Batting: SHB Manuel Jiménez 0-0: Called Strike
0-1: Ground out 6-3 (Groundball, 6)
Batting: RHB Alfredo Villegas 0-0: Fly out, F7 (Line Drive, 7S)
Batting: RHB Armando Gusmán 0-0: Ball
1-0: Ball
2-0: Ground out 6-3 (Groundball, 6)
Top of the 8th over - 0 run(s), 0 hit(s), 0 error(s), 0 left on base; Buffalo 2 - Penquannock 19
BOTTOM OF THE 8TH
Penquannock Overrated Jeter batting - Pitching for Buffalo LightSabres : LHP Pedro Carranza
Pitching: RHP Barrett Bowden
Batting: RHB Doug Brown 0-0: Called Strike
0-1: SOLO HOME RUN (Flyball, 78XD), Distance : 405 ft
Batting: RHB Armando Pagán 0-0: Fly out, F5 (Line Drive, 56)
Batting: LHB Pete Weber 0-0: Called Strike
0-1: Called Strike
0-2: Foul Ball, location: 2F
0-2: Ball
1-2: Ground out 4-3 (Groundball, 4)
Batting: RHB Alfonso Hernández 0-0: Ball
1-0: Ball
2-0: Called Strike
2-1: Called Strike
2-2: Foul Ball, location: 2F
2-2: Ball
3-2: Foul Ball, location: 2F
3-2: Strikes out swinging
Bottom of the 8th over - 1 run(s), 1 hit(s), 0 error(s), 0 left on base; Buffalo 2 - Penquannock 20
TOP OF THE 9TH
Buffalo LightSabres batting - Pitching for Penquannock Overrated Jeter : RHP Joaquín Rojas
Batting: SHB Javier Jiménez 0-0: Foul Ball, location: 2F
0-1: DOUBLE (Line Drive, 78D)
Batting: RHB Mario Solís 0-0: Called Strike
0-1: Ball
1-1: Ball
2-1: Foul Ball, location: 2F
2-2: Fly out, F6 (Line Drive, 6)
Batting: RHB Tex Badger 0-0: Ball
1-0: Called Strike
1-1: Foul Ball, location: 2F
1-2: Ball
2-2: Ball
3-2: Foul Ball, location: 2F
3-2: Foul Ball, location: 2F
3-2: Strikes out looking
Batting: LHB Rob Davidson 0-0: Ball
1-0: Called Strike
1-1: Ball
2-1: Ball
3-1: Base on Balls
Batting: RHB Tony Estrada 0-0: Foul Ball, location: 2F
0-1: Ball
1-1: Foul Ball, location: 2F
1-2: Strikes out looking
Top of the 9th over - 0 run(s), 1 hit(s), 0 error(s), 2 left on base; Buffalo 2 - Penquannock 20
Thursday, March 30th, 2017 - OOTP Baseball 17.12 Build 75